 Dungeon Crawl Stone Soup version 0.30.1-1-g62c8e00024 (webtiles) character file.

Game seed: 14396537034651817527

87 DemonSlayer the Digger (level 4, -6/30 HPs)
             Began as a Demonspawn Earth Elementalist on July 16, 2023.
             Mangled by Terence
             ... wielding a +0 flail
              (10 damage)
             ... on level 2 of the Dungeon.
             The game lasted 00:04:51 (2178 turns).

DemonSlayer the Digger (DsEE)                       Turns: 2178, Time: 00:04:51

Health: -6/30      AC:  2    Str:  8    XL:     4   Next: 28%
Magic:  5/8        EV: 12    Int: 23    God:
Gold:   16         SH:  0    Dex: 15    Spells: 8/9 levels left

rFire   . . .        b - +3 short sword (speed)
rCold   . . .        (no shield)
rNeg    . . .        a - +0 robe
rPois   .            (helmet restricted)
rElec   .            (no cloak)
rCorr   .            (no gloves)
SInv    .            (no boots)
Will    .....        h - amulet of regeneration
Stlth   ++           e - +6 ring of intelligence
HPRegen 1.05/turn    j - +4 ring of slaying
MPRegen 0.11/turn

%: no passive effects
@: no status effects
A: antennae 1, spiny 2
a: no special abilities


You were on level 2 of the Dungeon.
You visited 1 branch of the dungeon, and saw 2 of its levels.

You collected 64 gold pieces.
You spent 48 gold pieces at shops.

Inventory:

Hand Weapons
 b - a +3 short sword of speed (weapon)
Missiles
 c - 4 poisoned darts
 p - 8 boomerangs
Armour
 a - a +0 robe (worn)
Jewellery
 e - a +6 ring of intelligence (left hand)
 h - an amulet of regeneration (around neck)
 j - a +4 ring of slaying (right hand)
Scrolls
 g - a scroll of fear
 i - 2 scrolls of amnesia
 m - a scroll of fog
Potions
 d - a potion of might {unknown}
 l - a potion of flight {unknown}
 n - a potion of berserk rage {unknown}
 o - a potion of curing


   Skills:
 + Level 2.1 Dodging
 + Level 2.0 Stealth
 + Level 3.0 Spellcasting
 + Level 0.8 Transmutations
 + Level 3.7 Earth Magic


You had 8 spell levels left.
You knew the following spells:

 Your Spells              Type           Power      Damage    Failure   Level
a - Sandblast             Erth           40%        2d10      2%          1

Your spell library contained the following spells:

 Spells                   Type           Power      Damage    Failure   Level
 Passwall                 Tmut/Erth      11%        N/A       7%          2
 Stone Arrow              Conj/Erth      24%        3d8       16%         3
 Petrify                  Tmut/Erth      14%        N/A       41%         4


Dungeon Overview and Level Annotations

Branches:
Dungeon (2/15)

Altars:

Shops:
D:2 *

Annotations:
D:2 Terence


Innate Abilities, Weirdness & Mutations

You have a pair of small antennae on your head.
You are mostly covered in sharp spines.


Message History

Terence says, "Don't bother to defend, it's senseless."
Your Spellcasting skill increases to level 3!
The blast of sand hits Terence but does no damage.
Terence hits you with a +0 flail.
The blast of sand hits Terence but does no damage.
Terence hits you with a +0 flail!
Terence says, "Don't bother to defend, it's senseless."
Terence closely misses you.
Unknown command.
You closely miss Terence. You hit Terence.
Terence is lightly wounded.
Terence hits you with a +0 flail.
You hit Terence but do no damage.
Terence is lightly wounded.
Terence closely misses you.
You hit Terence.
Terence is moderately wounded.
You hit Terence.
Terence is heavily wounded.
Terence is struck by your spines. Terence closely misses you.
You hit Terence.
Terence is heavily wounded.
Terence is struck by your spines. Terence hits you with a +0 flail.
You closely miss Terence.
Terence is severely wounded.
You closely miss Terence.
Terence is severely wounded.
Terence hits you with a +0 flail!
* * * LOW HITPOINT WARNING * * *
You hit Terence.
Terence is almost dead.
You closely miss Terence.
Terence is almost dead.
Terence hits you with a +0 flail.
* * * LOW HITPOINT WARNING * * *
You hit Terence but do no damage.
Terence is almost dead.
Terence hits you with a +0 flail!
You die...

.....+.<#......# ......#
.....#.##......###......#
##.............#........#
##.............#........#
##...........[..........#
...............##......# #.#
##........#######......###.#
##......##....###........#.#
...............@@>....##.#.#
###......#.##.###.####...#.#
###........##......###.###.#
........##..#####....#.###.#
...............##.##.#.....#
...............##..#....####
.....# #......[###.####.#
.....####...............#
.####.....PPP..#.#..#####


You could see Terence.

Vanquished Creatures
  4 adders (D:2)
  A worm (D:2)
  2 dart slugs
  5 bats
  3 endoplasms
  2 giant cockroaches (D:2)
  3 goblins
  2 hobgoblins
  3 jackals (D:2)
  8 ball pythons
  3 frilled lizards (D:2)
  7 kobolds
  6 rats (D:1)
49 creatures vanquished.

Notes
Turn   | Place    | Note
-------+----------+-------------------------------------------
     0 | D:1      | DemonSlayer the Demonspawn Earth Elementalist began the
                  | quest for the Orb.
     0 | D:1      | Reached XP level 1. HP: 13/13 MP: 3/3
   335 | D:1      | Found a faded altar of an unknown god.
   433 | D:1      | Gained mutation: You are partially covered in sharp spines.
                  | [demonic ancestry]
   433 | D:1      | Reached XP level 2. HP: 19/19 MP: 3/5
   470 | D:1      | You fall into a shaft and drop 1 floor!
   654 | D:2      | Gained mutation: You are mostly covered in sharp spines.
                  | [demonic ancestry]
   654 | D:2      | Reached XP level 3. HP: 24/24 MP: 6/6
   914 | D:2      | Found Xanlong's Assorted Antiques.
   966 | D:2      | Bought a scroll labelled WOUSKEYQIH for 24 gold pieces
   966 | D:2      | Bought a scroll labelled DUDUYCLUFU for 24 gold pieces
  1026 | D:2      | Noticed Terence
  2095 | D:2      | Gained mutation: You have a pair of small antennae on your
                  | head. [demonic ancestry]
  2095 | D:2      | Reached XP level 4. HP: 30/30 MP: 4/8
  2178 | D:2      | Mangled by Terence

Illustrated notes

Levels and vault maps discovered:
D:1:      onia_arrival_handbag, layout_basic, ebering_ecumenical_altar_box
D:2:      layout_basic, serial_shops, nicolae_shop_overgrown_old_shop,
          guppyfry_early_lair_pool, uniq_terence

Skill      XL: |  1  2  3  4 |
---------------+-------------+-----
Earth Magic    | 3 |  3.7
Dodging        | 2 |  2.1
Stealth        | 2 |  2.0
Spellcasting   | 3 |  3.0
Transmutations | |  0.8

Action                     |  1- 3 |  4- 6 || total
---------------------------+-------+-------++-------
  Melee: Unarmed           |    13 |       ||    13
         Short sword       |     1 |    11 ||    12
   Cast: Sandblast         |    66 |     6 ||    72
    Use: Potion            |     1 |       ||     1
         Scroll            |     6 |       ||     6
   Stab: Sleeping          |     1 |       ||     1
 Armour: Robe              |    15 |       ||    15
  Dodge: Dodged            |    35 |     3 ||    38
